 Dungeon Crawl Stone Soup version 0.29-a0-362-g5854e031c7 (webtiles) character file.

Game seed: 3459034133431622128

9 Hubjo the Firebug (level 2, 0/16 HPs)
             Began as a Deep Elf Fire Elementalist on Apr 29, 2022.
             Was a Follower of Vehumet.
             Slain by a jackal (2 damage)
             ... on level 1 of the Dungeon.
             The game lasted 00:00:34 (1028 turns).

Hubjo the Firebug (Deep Elf Fire Elementalist)      Turns: 1028, Time: 00:00:34

Health: 0/16       AC:  2    Str:  5    XL:     2   Next: 6%
Magic:  8/8        EV: 12    Int: 19    God:    Vehumet [*.....]
Gold:   16         SH:  0    Dex: 15    Spells: 6/7 levels left

rFire   . . .      SeeInvis .   (no weapon)
rCold   . . .      Faith    .   (no shield)
rNeg    . . .      Spirit   .   a - +0 robe
rPois   .          Reflect  .   (no helmet)
rElec   .          Harm     .   (no cloak)
rCorr   .          Rampage  .   (no gloves)
Will    .....                   (no boots)
Stlth   ++........              (no amulet)
HPRegen 0.05/turn               (no ring)
MPRegen 0.11/turn               (no ring)

@: no status effects
A: no striking features
a: Renounce Religion


You were on level 1 of the Dungeon.
You worshipped Vehumet.
Vehumet was aware of your devotion.
You visited 1 branch of the dungeon, and saw 1 of its levels.

You collected 16 gold pieces.

Inventory:

Armour
 a - a +0 robe (worn)
Scrolls
 c - a scroll of holy word {unknown}
 g - a scroll of amnesia {unknown}
 h - a scroll of magic mapping {unknown}
Potions
 b - a potion of magic
 d - a potion of mutation {unknown}
 e - a potion of curing {unknown}
 f - a potion of flight {unknown}


   Skills:
 * Level 0.7 Fighting
 - Level 2.4 Dodging
 + Level 2.7 Stealth
 + Level 3.2 Spellcasting
 - Level 1.1 Conjurations
 + Level 3.4 Fire Magic


You had 6 spell levels left.
You knew the following spells:

 Your Spells              Type           Power      Damage    Failure   Level
a - Foxfire               Conj/Fire      44%        2x1d6     6%          1

Your spell library contained the following spells:

 Spells                   Type           Power      Damage    Failure   Level
 Freeze                   Ice            12%        1d4       16%         1
 Scorch                   Fire           32%        2d6       5%          2
 Conjure Flame            Conj/Fire      11%        6-21      19%         3
 Inner Flame              Hex/Fire       9%         N/A       22%         3
 Flame Wave               Conj/Fire      11%        2d5       52%         4


Dungeon Overview and Level Annotations

Branches:
Dungeon (1/15)

Altars:
Vehumet


Message History

You barely miss the jackal.
The jackal bites you but does no damage.
You closely miss the jackal.
The jackal bites you but does no damage.
The jackal barely misses you. The jackal misses you.
A jackal comes into view.
The jackal bites you.
You miss the jackal. You closely miss the jackal. The jackal bites you.
The jackal closely misses you. The jackal misses you.
You hit the jackal but do no damage. The jackal bites you.
The jackal closely misses you.
You hit the jackal but do no damage. The jackal barely misses you.
The jackal bites you.
You hit the jackal but do no damage. The jackal barely misses you.
The jackal bites you. x2
The jackal bites you but does no damage.
You are too injured to fight recklessly!
You are too injured to fight recklessly!
You are too injured to fight recklessly!
You are too injured to fight recklessly!
You are too injured to fight recklessly!
You are too injured to fight recklessly!
You miss the jackal. The jackal misses you. The jackal bites you.
You closely miss the jackal. The jackal bites you.
* * * LOW HITPOINT WARNING * * *
The jackal misses you. The jackal closely misses you. The jackal bites you.
* * * LOW HITPOINT WARNING * * *
You hit the jackal but do no damage.
The jackal bites you but does no damage.
The jackal closely misses you.
You completely miss the jackal. The jackal bites you.
* * * LOW HITPOINT WARNING * * *
The jackal barely misses you.
You hit the jackal. Your punch misses the jackal.
The jackal is heavily wounded.
The jackal barely misses you.
The jackal bites you but does no damage.
The jackal bites you.
You die...

#.#..#.# #......#
###..### #..#####
### ##
#......###.## #.##
#...#####...# ...#
#...# ##...###h..
####..####..#..#hh#
.........#.###.#@#
......###..# #...#
P......#..## ##.##
P♣P♣......# #.#
♣♣.♣♣P..#########
.♣_.♣........#
.P.♣♣P..#.##.#
♣.♣♣♣...#.##
PP.P.P.......


You could see 3 jackals.

Vanquished Creatures
  2 ball pythons (D:1)
  An endoplasm (D:1)
  A hobgoblin (D:1)
  2 jackals (D:1)
  A bat (D:1)
  2 frilled lizards (D:1)
9 creatures vanquished.

Vanquished Creatures (others)
  46 foxfires (D:1)
46 creatures vanquished.

Grand Total: 55 creatures vanquished

Notes
Turn   | Place    | Note
-------+----------+-------------------------------------------
     0 | D:1      | Hubjo the Deep Elf Fire Elementalist began the quest for
                  | the Orb.
     0 | D:1      | Reached XP level 1. HP: 10/10 MP: 6/6
   483 | D:1      | Found a faded altar of an unknown god.
   537 | D:1      | Prayed at the altar of an unknown god.
   537 | D:1      | Became a worshipper of Vehumet
   537 | D:1      | Reached * piety under Vehumet
   537 | D:1      | Offered knowledge of Freeze by Vehumet.
   570 | D:1      | Reached XP level 2. HP: 16/16 MP: 6/8
  1028 | D:1      | Slain by a jackal

Illustrated notes

Levels and vault maps discovered:
D:1:      onia_arrival_pyramid, layout_basic, serial_curves, eino_curves_03,
          eino_curves_03, dreamdust_ecumenical_altar_grove

Action                   || total
-------------------------++-------
Melee: Unarmed           ||    33
 Cast: Foxfire           ||    31
Armor: Robe              ||     6
Dodge: Dodged            ||    29

Table legend: (Time is in decaauts)
 A = Elapsed time spent in this place.
 B = Non-inter-level travel time spent in this place.
 C = Inter-level travel time spent in this place.
 D = Time resting spent in this place.
 E = Time spent auto-exploring this place.
 F = Levels seen in this place.
 G = Mean time per level.
                   A        B        C        D        E       F      G
               +--------+--------+--------+--------+--------+-----+--------+
         Total |   1028 |   1007 |     21 |      0 |    901 |   1 | 1028.0 |
       Dungeon |   1028 |   1007 |     21 |      0 |    901 |   1 | 1028.0 |
               +--------+--------+--------+--------+--------+-----+--------+

Top non-repeatable levels by time:
     D:1: 1028 daAuts
